 Dungeon Crawl Stone Soup version 0.27.0-1-g7a089689b8 (webtiles) character file.

Game seed: 15024049207550770096

43 SnakkuSnakku7 the Skirmisher (level 3, -3/24 HPs)
             Began as a Gargoyle Berserker on Aug 11, 2021.
             Was a Believer of Trog.
             Slain by Sigmund (4 damage)
             ... on level 2 of the Dungeon.
             The game lasted 00:01:15 (1037 turns).

SnakkuSnakku7 the Skirmisher (Gargoyle Berserker)   Turns: 1037, Time: 00:01:16

Health: -3/24      AC:  7    Str: 20    XL:     3   Next: 58%
Magic:  3/3        EV: 11    Int:  7    God:    Trog [**....]
Gold:   45         SH:  0    Dex: 10    Spells: 2/2 levels left

rFire    . . .     SeeInvis .   a - +0 hand axe
rCold    . . .     Faith    .   (no shield)
rNeg     + . .     Spirit   .   b - +0 animal skin
rPois    ∞         Reflect  .   (no helmet)
rElec    +         Harm     .   (no cloak)
rCorr    .         Rampage  .   g - +1 pair of gloves
Will     .....                  (no boots)
Stlth    +.........             (no amulet)
HPRegen  0.08/turn              (no ring)
MPRegen  0.08/turn              (no ring)

@: on berserk cooldown, slowed, very slow
A: sickness immunity, AC +3, negative energy resistance 1, electricity
resistance, torment resistance 1, petrification resistance
a: Renounce Religion, Berserk, Trog's Hand


You were on level 2 of the Dungeon.
You worshipped Trog.
Trog was pleased with you.
You visited 1 branch of the dungeon, and saw 2 of its levels.

You collected 45 gold pieces.

Inventory:

Hand Weapons
 a - a +0 hand axe (weapon)
Missiles
 k - a throwing net (quivered)
Armour
 b - a +0 animal skin (worn)
 g - a +1 pair of gloves (worn)
Scrolls
 c - a scroll of identify
 j - a scroll of amnesia {unknown}
 l - a scroll of noise {unknown}
Potions
 d - a potion of invisibility {unknown}
 e - a potion of flight
 f - 2 potions of might {unknown}
 h - 3 potions of curing {unknown}
 i - a potion of attraction {unknown}


   Skills:
 + Level 4.2 Fighting
 + Level 3.4 Axes
 - Level 2.1 Armour
 - Level 1.5 Dodging


You had 2 spell levels left.
You didn't know any spells.
Your spell library was empty.

Dungeon Overview and Level Annotations

Branches:
Dungeon (2/15)

Altars:

Annotations:
D:2 Sigmund


Innate Abilities, Weirdness & Mutations

You are immune to sickness and miasma.
Your stone body is resilient. (AC +3)
You are immune to poison.
You resist negative energy. (rN+)
You are resistant to electric shocks. (rElec)
You are resistant to unholy torment.
You are immune to petrification.


Message History

You now have 45 gold pieces (gained 9).
HP restored.
Sigmund the Dreaded comes into view.
He is wielding a +0 scythe and wearing a +2 robe of willpower.
Sigmund shouts!
Sigmund is nearby!
Sigmund is nearby!
Sigmund hits you from afar with a +0 scythe!
A red film seems to cover your vision as you go berserk!
You feel yourself moving faster!
You feel mighty! Sigmund gestures at you while chanting.
The puff of flame hits you!
* * * LOW HITPOINT WARNING * * *
You feel a strong urge to attack something.
Sigmund casts a spell at you.
You are confused.
You slash Sigmund!
Sigmund is moderately wounded.
Sigmund hits you but does no damage.
You bump into the rock wall.
You feel a strong urge to attack something.
Sigmund hits you from afar with a +0 scythe.
* * * LOW HITPOINT WARNING * * *
Sigmund casts a spell.
Sigmund flickers and vanishes!
Deactivating autopickup; reactivate with Ctrl-A.
You feel your anger nearly subside.
You are no longer berserk.
You are exhausted.
You feel yourself slow down.
You bump into the rock wall.
You bump into the rock wall.
You feel less confused.
A magic dart appears from out of thin air!
The magic dart hits you.
* * * LOW HITPOINT WARNING * * *
Okay, then.
As you read the scroll labelled FIOBORPH ZEUV ORITA, it crumbles to dust.
It is a scroll of identify.
e - a potion of flight Something hits you.
You die...

##### #####.... #........
...######## #.###.##. ......{.{.#
#.# #.##. ..#######.# #.# #.##.
#@# #.# #.##. #.# #.# #.##. ##+##
#.# #.# #.##. ##...## #.######
#.###.##. ##.....##
#......###........ ##.......##
##........####.#.#
###.....)...####...##.##.###.....
..'.........'....................
###.........####...##.##.###.#...


There were no monsters in sight!

Vanquished Creatures
  An adder (D:2)
  A worm (D:2)
  2 dart slugs (D:2)
  An orc (D:2)
  2 endoplasms
  3 goblins
  2 hobgoblins (D:1)
  2 jackals (D:2)
  A quokka (D:1)
  A ball python (D:2)
  3 frilled lizards (D:1)
  2 kobolds
  7 rats (D:1)
28 creatures vanquished.

Notes
Turn   | Place    | Note
-------+----------+-------------------------------------------
     0 | D:1      | SnakkuSnakku7 the Gargoyle Berserker began the quest for
                  | the Orb.
     0 | D:1      | Reached XP level 1. HP: 14/14 MP: 1/1
   131 | D:1      | Reached XP level 2. HP: 15/19 MP: 2/2
   829 | D:2      | Reached XP level 3. HP: 14/24 MP: 3/3
   841 | D:2      | Reached skill level 4 in Fighting
   935 | D:2      | Reached ** piety under Trog
  1026 | D:2      | Noticed Sigmund
  1036 | D:2      | HP: 1/24 [something/magic dart (4)]
  1037 | D:2      | Slain by Sigmund

Illustrated notes

Levels and vault maps discovered:
D:1:      nicolae_arrival_memento_mori, layout_loops_ring
D:2:      layout_loops_corners, minmay_box_of_dots, uniq_sigmund

Skill      XL: |  1  2  3 |
---------------+----------+-----
Axes           | 3 |  3.4
Fighting       | 4 |  4.2
Armour         | |  2.1
Dodging        | |  1.5

Action                   || total
-------------------------++-------
Melee: Hand axe          ||    94
Invok: Berserk           ||     1
  Use: Scroll            ||     1
Armor: Animal skin       ||    39
Dodge: Dodged            ||    59
